SAAA
SIOUX FALLS RED PANDAS @ ELLENBURG FIGHTING DACHSUNDS
07/19/2027
 
TOP OF THE 1ST
Sioux Falls Red Pandas batting - Pitching for Ellenburg Fighting Dachsunds : RHP Stanley Williams
Pitching: RHP Stanley Williams
Batting: RHB Rhett Barry 0-0: Ball
1-0: Foul Ball, location: 2F
1-1: Ball
2-1: Swinging Strike
2-2: Foul Ball, location: 2F
2-2: Strikes out looking
Batting: RHB Jesús Vásquez 0-0: Ball
1-0: DOUBLE (Line Drive, 78XD)
Batting: RHB Pedro Pérez 0-0: Ball
1-0: 2-RUN HOME RUN (Flyball, 8LXD), Distance : 436 ft
Batting: RHB Fokke Willemsen 0-0: Ball
1-0: Fly out, F8 (Flyball, 78D)
Batting: RHB Apu Nahasapeemapetilon 0-0: Called Strike
0-1: Foul Ball, location: 2F
0-2: Ball
1-2: Strikes out swinging
Top of the 1st over - 2 run(s), 2 hit(s), 0 error(s), 0 left on base; Sioux Falls 2 - Ellenburg 0
BOTTOM OF THE 1ST
Ellenburg Fighting Dachsunds batting - Pitching for Sioux Falls Red Pandas : RHP Steve Bryan
Pitching: RHP Steve Bryan
Batting: LHB José Ortega 0-0: Ball
1-0: Called Strike
1-1: Ground out 3-1 (Groundball, 34)
Batting: RHB José Vázquez 0-0: Foul Ball, location: 2F
0-1: Ball
1-1: Swinging Strike
1-2: Ball
2-2: Ball
3-2: Foul Ball, location: 2F
3-2: Strikes out looking
Batting: SHB Ron Bunch 0-0: Called Strike
0-1: Ball
1-1: Ball
2-1: Ball
3-1: Reached via error on a dropped throw, E3
Batting: RHB Francis Kelly 0-0: Ball
1-0: SINGLE (Groundball, 6S) (infield hit)
Ron Bunch to second
Batting: RHB Gonzalo Sánchez 0-0: Ball
1-0: Foul Ball, location: 2F
1-1: DOUBLE (Line Drive, 9D)
Ron Bunch scores
Francis Kelly to third
Runner from 3rd tries for Home, SAFE, no throw
Pitching: LHP António Venegas
Batting: LHB Locke Lamora 0-0: Fly out, F6 (Popup, 6MD)
Bottom of the 1st over - 2 run(s), 2 hit(s), 1 error(s), 1 left on base; Sioux Falls 2 - Ellenburg 2
TOP OF THE 2ND
Sioux Falls Red Pandas batting - Pitching for Ellenburg Fighting Dachsunds : RHP Stanley Williams
Batting: SHB Eric O'Neill 0-0: Called Strike
0-1: Swinging Strike
0-2: Foul Ball, location: 2F
0-2: Strikes out swinging
Batting: RHB Gaston Waller 0-0: Foul Ball, location: 2F
0-1: Called Strike
0-2: Ball
1-2: Ground out 1-3 (Groundball, 13)
Batting: RHB Arturo Scantlebury 0-0: Ball
1-0: Ball
2-0: Ball
3-0: Called Strike
3-1: Base on Balls
Batting: RHB Jim Unknown 0-0: Ball
1-0: Ball
2-0: Swinging Strike
2-1: Fly out, F8 (Flyball, 8RM)
Top of the 2nd over - 0 run(s), 0 hit(s), 0 error(s), 1 left on base; Sioux Falls 2 - Ellenburg 2
BOTTOM OF THE 2ND
Ellenburg Fighting Dachsunds batting - Pitching for Sioux Falls Red Pandas : LHP António Venegas
Batting: RHB Marty Jennings 0-0: Called Strike
0-1: Swinging Strike
0-2: Ground out 6-3 (Groundball, 6)
Batting: RHB Meka Knight 0-0: Ball
1-0: Fly out, F8 (Flyball, 8LM)
Batting: RHB Ron Johnston 0-0: Ball
1-0: Foul Ball, location: 2F
1-1: Ball
2-1: Foul Ball, location: 2F
2-2: Ground out 5-3 (Groundball, 56)
Bottom of the 2nd over - 0 run(s), 0 hit(s), 0 error(s), 0 left on base; Sioux Falls 2 - Ellenburg 2
TOP OF THE 3RD
Sioux Falls Red Pandas batting - Pitching for Ellenburg Fighting Dachsunds : RHP Stanley Williams
Batting: RHB Rhett Barry 0-0: Ground out 4-3 (Groundball, 4)
Batting: RHB Jesús Vásquez 0-0: Ball
1-0: Foul Ball, location: 2F
1-1: DOUBLE (Flyball, 78D)
Batting: RHB Pedro Pérez 0-0: SINGLE (Groundball, 4MS) (infield hit)
Jesús Vásquez to third
Batting: RHB Fokke Willemsen 0-0: Grounds into double play, 4-6-3 (Groundball, 4)
Top of the 3rd over - 0 run(s), 2 hit(s), 0 error(s), 1 left on base; Sioux Falls 2 - Ellenburg 2
BOTTOM OF THE 3RD
Ellenburg Fighting Dachsunds batting - Pitching for Sioux Falls Red Pandas : LHP António Venegas
Batting: LHB José Ortega 0-0: Ball
1-0: Swinging Strike
1-1: Called Strike
1-2: Ground out 4-3 (Groundball, 4)
Batting: RHB José Vázquez 0-0: Ball
1-0: Ball
2-0: SINGLE (Groundball, 56) (infield hit)
Batting: SHB Ron Bunch 0-0: Called Strike
0-1: SINGLE (Line Drive, 6MD)
José Vázquez to second
Batting: RHB Francis Kelly 0-0: Ball
1-0: Foul Ball, location: 2F
1-1: SINGLE (Groundball, 56D)
José Vázquez to third
Ron Bunch to second
Batting: RHB Gonzalo Sánchez 0-0: Called Strike
0-1: DOUBLE (Line Drive, 78S)
José Vázquez scores
Ron Bunch scores
Francis Kelly to third
Batting: LHB Locke Lamora 0-0: Ball
1-0: DOUBLE (Line Drive, 78D)
Francis Kelly scores
Gonzalo Sánchez scores
Pitching: LHP Jim Unknown
Batting: RHB Marty Jennings 0-0: Ball
Locke Lamora steals 3rd base
1-0: Called Strike
1-1: Ball
2-1: Swinging Strike
2-2: Ball
3-2: Ground out 5-3 (Groundball, 5S)
Batting: RHB Meka Knight 0-0: Ball
1-0: Ball
2-0: Swinging Strike
2-1: Foul Ball, location: 2F
2-2: Ball
3-2: Base on Balls
Batting: RHB Ron Johnston 0-0: Ball
1-0: Called Strike
1-1: Ball
2-1: Foul Ball, location: 2F
2-2: Ball
3-2: Base on Balls
Meka Knight to second
Batting: LHB José Ortega 0-0: Ball
1-0: Called Strike
1-1: Foul Ball, location: 2F
1-2: Strikes out looking
Bottom of the 3rd over - 4 run(s), 5 hit(s), 0 error(s), 3 left on base; Sioux Falls 2 - Ellenburg 6
TOP OF THE 4TH
Sioux Falls Red Pandas batting - Pitching for Ellenburg Fighting Dachsunds : RHP Stanley Williams
Batting: RHB Apu Nahasapeemapetilon 0-0: SINGLE (Flyball, 7LM)
Batting: SHB Eric O'Neill 0-0: Called Strike
0-1: SINGLE (Line Drive, 4D)
Apu Nahasapeemapetilon to second
Batting: RHB Gaston Waller 0-0: Fly out, F7 (Line Drive, 7)
Batting: RHB Arturo Scantlebury 0-0: Called Strike
0-1: Ball
1-1: Fly out, F7 (Flyball, 7LS)
Batting: RHB Jim Unknown 0-0: Ball
1-0: Called Strike
1-1: Called Strike
1-2: Fly out, F6 (Line Drive, 6)
Top of the 4th over - 0 run(s), 2 hit(s), 0 error(s), 2 left on base; Sioux Falls 2 - Ellenburg 6
BOTTOM OF THE 4TH
Ellenburg Fighting Dachsunds batting - Pitching for Sioux Falls Red Pandas : LHP Jim Unknown
Batting: RHB José Vázquez 0-0: Foul Ball, location: 2F
0-1: Called Strike
0-2: Ball
1-2: Foul Ball, location: 2F
1-2: Foul Ball, location: 2F
1-2: Ball
2-2: Strikes out swinging
Batting: SHB Ron Bunch 0-0: Ball
1-0: Ground out U3 (Groundball, 3)
Batting: RHB Francis Kelly 0-0: Foul Ball, location: 2F
0-1: Ball
1-1: Swinging Strike
1-2: Foul Ball, location: 2F
1-2: Foul Ball, location: 2F
1-2: Ball
2-2: Ground out 5-3 (Groundball, 5S)
Bottom of the 4th over - 0 run(s), 0 hit(s), 0 error(s), 0 left on base; Sioux Falls 2 - Ellenburg 6
TOP OF THE 5TH
Sioux Falls Red Pandas batting - Pitching for Ellenburg Fighting Dachsunds : RHP Stanley Williams
Batting: RHB Rhett Barry 0-0: Foul Ball, location: 2F
0-1: Ball
1-1: Swinging Strike
1-2: Strikes out looking
Batting: RHB Jesús Vásquez 0-0: Ball
1-0: Ground out 5-3 (Groundball, 56S)
Batting: RHB Pedro Pérez 0-0: Foul Ball, location: 2F
0-1: Ball
1-1: Ball
2-1: Fly out, F9 (Flyball, 9S)
Top of the 5th over - 0 run(s), 0 hit(s), 0 error(s), 0 left on base; Sioux Falls 2 - Ellenburg 6
BOTTOM OF THE 5TH
Ellenburg Fighting Dachsunds batting - Pitching for Sioux Falls Red Pandas : LHP Jim Unknown
Batting: RHB Gonzalo Sánchez 0-0: Ball
1-0: Ball
2-0: Called Strike
2-1: Ball
3-1: Base on Balls
Batting: LHB Locke Lamora 0-0: Sac Bunt - play at second, runner OUT! 1-6
Batting: RHB Marty Jennings 0-0: Ball
1-0: Called Strike
Locke Lamora steals 2nd base
1-1: SINGLE (Line Drive, 7LS)
Locke Lamora to third
Runner from 3rd tries for Home, SAFE, no throw
Batting: RHB Meka Knight 0-0: Called Strike
0-1: Ground out 5-3 (Groundball, 56S)
Marty Jennings to second
Batting: RHB Ron Johnston 0-0: Ball
1-0: Ball
2-0: Ground out 5-3 (Groundball, 5L)
Bottom of the 5th over - 1 run(s), 1 hit(s), 0 error(s), 1 left on base; Sioux Falls 2 - Ellenburg 7
TOP OF THE 6TH
Sioux Falls Red Pandas batting - Pitching for Ellenburg Fighting Dachsunds : RHP Stanley Williams
Batting: RHB Fokke Willemsen 0-0: Ground out 5-3 (Groundball, 5)
Batting: RHB Apu Nahasapeemapetilon 0-0: Ball
1-0: Called Strike
1-1: Ball
2-1: Ground out 6-3 (Groundball, 56)
Batting: SHB Eric O'Neill 0-0: Called Strike
0-1: Called Strike
0-2: Ball
1-2: SINGLE (Groundball, 6MD)
Batting: RHB Gaston Waller 0-0: SINGLE (Groundball, 3D)
Eric O'Neill to second
Runner from 2nd tries for 3rd, SAFE, throw made to third
Batting: RHB Arturo Scantlebury 0-0: Foul Ball, location: 2F
0-1: Ball
1-1: Called Strike
1-2: Foul Ball, location: 2F
1-2: TRIPLE (Line Drive, 7LM)
Eric O'Neill scores
Gaston Waller scores
Batting: RHB Jim Unknown 0-0: Ball
1-0: Ball
Wild Pitch!
Arturo Scantlebury scores
2-0: Ball
3-0: Base on Balls
Batting: RHB Rhett Barry 0-0: Fly out, F8 (Flyball, 8RS)
Top of the 6th over - 3 run(s), 3 hit(s), 0 error(s), 1 left on base; Sioux Falls 5 - Ellenburg 7
BOTTOM OF THE 6TH
Ellenburg Fighting Dachsunds batting - Pitching for Sioux Falls Red Pandas : LHP Jim Unknown
Batting: LHB José Ortega 0-0: Swinging Strike
0-1: Ground out 6-3 (Groundball, 6M)
Batting: RHB José Vázquez 0-0: Called Strike
0-1: Swinging Strike
0-2: Ball
1-2: Foul Ball, location: 2F
1-2: Strikes out swinging
Batting: SHB Ron Bunch 0-0: Called Strike
0-1: Foul Ball, location: 2F
0-2: Ball
1-2: Foul Ball, location: 2F
1-2: Foul Ball, location: 2F
1-2: Strikes out looking
Bottom of the 6th over - 0 run(s), 0 hit(s), 0 error(s), 0 left on base; Sioux Falls 5 - Ellenburg 7
TOP OF THE 7TH
Sioux Falls Red Pandas batting - Pitching for Ellenburg Fighting Dachsunds : RHP Stanley Williams
Batting: RHB Jesús Vásquez 0-0: Called Strike
0-1: Ball
1-1: SOLO HOME RUN (Flyball, 7D), Distance : 388 ft
Batting: RHB Pedro Pérez 0-0: Fly out, F8 (Flyball, 8RM)
Batting: RHB Fokke Willemsen 0-0: Ball
1-0: Foul Ball, location: 2F
1-1: Swinging Strike
1-2: SINGLE (Flyball, 78S)
Batting: RHB Apu Nahasapeemapetilon 0-0: Called Strike
0-1: Ball
1-1: Grounds into double play, 6-4-3 (Groundball, 6)
Top of the 7th over - 1 run(s), 2 hit(s), 0 error(s), 0 left on base; Sioux Falls 6 - Ellenburg 7
BOTTOM OF THE 7TH
Ellenburg Fighting Dachsunds batting - Pitching for Sioux Falls Red Pandas : LHP Jim Unknown
Batting: RHB Francis Kelly 0-0: Ball
1-0: Called Strike
1-1: Ball
2-1: Ground out 5-3 (Groundball, 56S)
Batting: RHB Gonzalo Sánchez 0-0: Called Strike
0-1: Ball
1-1: Ball
2-1: Ball
3-1: Swinging Strike
3-2: Base on Balls
Pinch Hitting: RHB Preston Hernández 0-0: Called Strike
0-1: Ball
1-1: SINGLE (Groundball, 34)
Gonzalo Sánchez to second
Runner from 2nd tries for 3rd, SAFE, throw made to third
Batting: RHB Marty Jennings 0-0: Ball
1-0: Ball
2-0: Foul Ball, location: 2F
2-1: Ball
3-1: Swinging Strike
3-2: Foul Ball, location: 2F
3-2: Fly out, F6 (Flyball, 6D)
Batting: RHB Meka Knight 0-0: SINGLE (Groundball, 4) (infield hit)
Gonzalo Sánchez scores
Preston Hernández to second
Pitching: RHP Jim Unknown
Pinch Hitting: RHB Juan Ramos 0-0: Ball
1-0: SINGLE (Line Drive, 56)
Preston Hernández to third
Meka Knight to second
Batting: LHB José Ortega 0-0: Ball
1-0: Swinging Strike
1-1: Called Strike
1-2: Fly out, F9 (Flyball, 9S)
Bottom of the 7th over - 1 run(s), 3 hit(s), 0 error(s), 3 left on base; Sioux Falls 6 - Ellenburg 8
TOP OF THE 8TH
Sioux Falls Red Pandas batting - Pitching for Ellenburg Fighting Dachsunds : RHP Stanley Williams
Now at 2B: Juan Ramos
Now at SS: Ken Little
Batting: SHB Eric O'Neill 0-0: Called Strike
0-1: Ground out 6-3 (Groundball, 6)
Pitching: RHP Garrett Harrington
Batting: RHB Gaston Waller 0-0: Called Strike
0-1: Ball
1-1: Ball
2-1: SINGLE (Groundball, 56S) (infield hit)
Batting: RHB Arturo Scantlebury 0-0: Foul Ball, location: 2F
0-1: Ball
1-1: Called Strike
1-2: Ball
2-2: Strikes out swinging
Batting: RHB Jim Unknown 0-0: Ball
1-0: Called Strike
1-1: Ball
2-1: Called Strike
2-2: SINGLE (Groundball, 6D)
Gaston Waller to second
Pinch Hitting: LHB Jerry Wilson 0-0: Called Strike
0-1: Ball
1-1: Foul Ball, location: 2F
1-2: Ball
2-2: Ball
3-2: SINGLE (Line Drive, 8RS)
Gaston Waller to third
Jim Unknown to second
Gaston Waller scores
Jim Unknown to third
Batting: RHB Jesús Vásquez 0-0: Ball
1-0: Called Strike
1-1: Ball
2-1: Ball
3-1: Fly out, F6 (Line Drive, 6M)
Top of the 8th over - 1 run(s), 3 hit(s), 0 error(s), 2 left on base; Sioux Falls 7 - Ellenburg 8
BOTTOM OF THE 8TH
Ellenburg Fighting Dachsunds batting - Pitching for Sioux Falls Red Pandas : RHP Jim Unknown
Now in RF: Jerry Wilson
Batting: RHB José Vázquez 0-0: Fly out, F9 (Flyball, 9)
Batting: SHB Ron Bunch 0-0: Ground out 4-3 (Groundball, 34)
Batting: RHB Francis Kelly 0-0: Called Strike
0-1: Ball
1-1: Ball
2-1: Foul Ball, location: 2F
2-2: Ball
3-2: Strikes out swinging
Bottom of the 8th over - 0 run(s), 0 hit(s), 0 error(s), 0 left on base; Sioux Falls 7 - Ellenburg 8
TOP OF THE 9TH
Sioux Falls Red Pandas batting - Pitching for Ellenburg Fighting Dachsunds : RHP Garrett Harrington
Pitching: LHP An Jang-Yop
Batting: RHB Pedro Pérez 0-0: Foul Ball, location: 2F
0-1: Ball
1-1: SINGLE (Groundball, 56D)
Batting: RHB Fokke Willemsen 0-0: SINGLE (Groundball, 34D)
Pedro Pérez to second
Runner from 2nd tries for 3rd, SAFE, no throw
Batting: RHB Apu Nahasapeemapetilon 0-0: Called Strike
0-1: Ball
1-1: Swinging Strike
1-2: Foul Ball, location: 2F
1-2: Ball
2-2: Ball
3-2: Foul Ball, location: 2F
3-2: SINGLE (Groundball, 56)
Pedro Pérez scores
Fokke Willemsen to second
Batting: SHB Eric O'Neill 0-0: Ball
1-0: SINGLE (Flyball, 89S)
Fokke Willemsen to third
Apu Nahasapeemapetilon to second
Batting: RHB Gaston Waller 0-0: Ball
1-0: Ball
2-0: Foul Ball, location: 2F
2-1: Ball
3-1: Base on Balls
Fokke Willemsen scores
Apu Nahasapeemapetilon to third
Eric O'Neill to second
Batting: RHB Arturo Scantlebury 0-0: Foul Ball, location: 2F
0-1: Ball
1-1: Ball
2-1: Ball
Wild Pitch!
Apu Nahasapeemapetilon scores
Eric O'Neill to third
Gaston Waller to second
3-1: Intentional Walk
Pitching: LHP Ron Anderson
Pinch Hitting: LHB Francisco Ortega 0-0: Ball
1-0: SINGLE (Line Drive, 56)
Eric O'Neill scores
Gaston Waller to third
Arturo Scantlebury to second
Runner from 3rd tries for Home, SAFE, throw made home
Arturo Scantlebury to third
Francisco Ortega to second
Batting: LHB Jerry Wilson 0-0: SINGLE (Groundball, 6MD)
Arturo Scantlebury scores
Francisco Ortega to third
Batting: RHB Jesús Vásquez 0-0: Called Strike
0-1: Swinging Strike
0-2: Strikes out swinging
Batting: RHB Pedro Pérez 0-0: SINGLE (Flyball, 4MD)
Francisco Ortega scores
Jerry Wilson to second
Batting: RHB Fokke Willemsen 0-0: Ball
1-0: Called Strike
1-1: Ball
2-1: Foul Ball, location: 2F
2-2: Grounds into double play, 6-4-3 (Groundball, 6)
Top of the 9th over - 7 run(s), 7 hit(s), 0 error(s), 1 left on base; Sioux Falls 14 - Ellenburg 8
BOTTOM OF THE 9TH
Ellenburg Fighting Dachsunds batting - Pitching for Sioux Falls Red Pandas : RHP Jim Unknown
Now at 3B: Jim Unknown
Batting: RHB Gonzalo Sánchez 0-0: Ball
1-0: SINGLE (Groundball, 6MD)
Batting: RHB Ken Little 0-0: Called Strike
0-1: Called Strike
0-2: Strikes out swinging
Batting: RHB Marty Jennings 0-0: Ball
1-0: Ball
2-0: Ball
3-0: Called Strike
3-1: DOUBLE (Line Drive, 8LXD)
Gonzalo Sánchez to third
Batting: RHB Meka Knight 0-0: Ball
1-0: Ball
2-0: Ground out 5-3 (Groundball, 56S)
Gonzalo Sánchez scores
Marty Jennings to third
Pitching: LHP Jim Unknown
Batting: RHB Juan Ramos 0-0: Called Strike
0-1: Ball
1-1: Ball
2-1: Ball
3-1: DOUBLE (Groundball, 5L)
Marty Jennings scores
Batting: LHB José Ortega 0-0: Called Strike
0-1: Swinging Strike
0-2: Foul Ball, location: 2F
0-2: Ball
1-2: Foul Ball, location: 2F
1-2: Ball
2-2: Foul Ball, location: 2F
2-2: Fly out, F7 (Flyball, 7S)
Bottom of the 9th over - 2 run(s), 3 hit(s), 0 error(s), 1 left on base; Sioux Falls 14 - Ellenburg 10
Saturday, May 26th, 2018 - OOTP Baseball 17.12 Build 75